Map: Habitation Station LE (Void)

Players

Quietus

  • Race: Zerg Zerg
  • League: Diamond
  • Spawn Location: 1:00

ZeroWing - Winner!

  • Race: Terran Terran
  • League: Diamond
  • Spawn Location: 11:00

VOD

Have the link to the VOD?

Description

Time

  • Played on: Nov. 30, 2016, 1:45 a.m.
  • Length: 10:21
Show
View Real Time Build Order
Export as new Build Order

Quietus Zerg 

Build Orders: Hatch First, Muta Ling Bane 

Get SALT Encoding   

  12  0:01  Drone  
  13  0:13  Overlord  
  13  0:17  Drone  
  14  0:31  Drone x2  
  14  0:35  Drone  
  17  0:52  Hatchery  
  17  0:55  Drone  
  17  0:58  Drone  
  18  1:05  Extractor  
  17  1:14  Spawning Pool  
  17  1:16  Drone  
  17  1:19  Drone  
  18  1:29  Drone  
  19  1:39  Overlord  
  19  2:00  Zergling x2  
  19  2:01  Zergling x2  
  21  2:04  Zergling x2, Queen x2  
  21  2:06  Metabolic Boost  
  26  2:11  Drone  
  26  2:14  Drone  
  28  2:22  Drone  
  29  2:26  Drone  
  30  2:32  Overlord  
  30  2:36  Drone  
  31  2:39  Queen  
  33  2:45  Pneumatized Carapace  
  33  2:49  Drone  
  33  2:50  Drone  
  35  2:57  Drone  
  35  2:58  Drone  
  37  3:04  Overlord  
  37  3:09  Drone  
  37  3:16  Drone x5  
  42  3:21  Queen  
  44  3:35  Overlord  
  44  3:37  Drone x4  
  48  3:41  Extractor  
  48  3:45  Evolution Chamber  
  46  3:50  Lair  
  46  3:51  Drone x2  
  46  3:52  Drone  
  49  3:56  Drone  
  49  3:57  Evolution Chamber  
  49  4:02  Overlord  
  49  4:07  Baneling Nest  
  48  4:17  Hatchery  
  48  4:19  Drone x2  
  50  4:31  Zergling x2  
  50  4:32  Zergling x14  
  50  4:33  Zergling x2  
  58  4:48  Extractor, Drone  
  58  4:49  Spire, Drone  
  58  4:50  Drone x2  
  58  4:51  Drone x2  
  63  4:52  Drone  
  63  4:54  Drone  
  63  4:56  Drone  
  65  5:09  Drone  
  65  5:11  Extractor, Overlord x3  
  65  5:20  Baneling x3  
  65  5:21  Baneling  
  65  5:23  Drone x2  
  67  5:32  Zergling x4  
  67  5:33  Zergling x2  
  68  5:43  Baneling x2  
  68  5:44  Zergling x14  
  74  5:52  Zergling x4  
  74  5:55  Zerg Melee Weapons Level 1  
  74  5:56  Zerg Ground Armor Level 1  
  76  5:57  Zergling x2  
  76  6:01  Baneling x4  
  76  6:02  Zergling x2  
  76  6:03  Zergling x2  
  67  6:13  Zergling x6  
  67  6:14  Zergling x14  
  73  6:22  Baneling x2  
  73  6:23  Baneling x4  
  73  6:24  Zergling x4  
  75  6:27  Drone x2  
  75  6:28  Overlord  
  77  6:45  Baneling x2  
  77  6:46  Zergling x2  
  79  6:47  Zergling x14  
  74  7:00  Overlord x2  
  74  7:02  Overseer  
  74  7:04  Zergling x2  
  74  7:05  Zergling x8  
  76  7:10  Centrifical Hooks  
  76  7:11  Zergling x2  
  76  7:17  Zergling x12  
  76  7:18  Zergling x2  
  76  7:20  Baneling  
  76  7:21  Baneling  
  83  7:32  Zergling x6  
  83  7:34  Baneling x6  
  84  7:40  Overseer x2  
  84  7:41  Overlord  
  84  7:42  Zergling x4  
  68  8:02  Zergling x6  
  68  8:03  Zergling x12  
  69  8:09  Zergling x6  
  72  8:16  Hatchery  
  70  8:21  Zergling x2  
  70  8:22  Zergling x8  
  70  8:23  Baneling x2  
  70  8:24  Baneling x3  
  75  8:29  Baneling  
  75  8:30  Baneling x4  
  75  8:31  Zergling x6, Queen  
  78  8:36  Hatchery  
  78  8:38  Mutalisk x2  
  78  8:39  Mutalisk x3  
  87  8:43  Baneling x2  
  87  8:44  Baneling x4  
  87  8:49  Queen  
  87  8:54  Zergling x10  
  95  8:55  Zergling x2  
  85  9:07  Zergling x2, Queen  
  85  9:08  Zergling x14  
  80  9:17  Baneling  
  80  9:18  Baneling x7  
  80  9:19  Zergling x8  
  80  9:27  Zergling x10  
  80  9:28  Zergling x2  
  80  9:33  Zergling x4  
  79  9:44  Zergling x8  
  79  9:45  Zergling x6  
  74  9:47  Baneling x6  
  74  10:03  Zergling x10  
  74  10:04  Zergling x8  
  74  10:06  Baneling x2  
  85  10:07  Baneling  
Show
View Real Time Build Order
Export as new Build Order

ZeroWing Terran - Winner!

Build Orders: Command Center First (CC), MMM Bio 

Get SALT Encoding   

  12  0:00  SCV  
  13  0:13  SCV  
  14  0:25  SCV  
  15  0:29  Supply Depot  
  15  0:51  SCV  
  15  0:56  Command Center  
  16  1:03  SCV  
  17  1:11  Barracks  
  17  1:15  SCV  
  18  1:20  Refinery  
  18  1:29  SCV  
  19  1:35  Barracks  
  19  1:41  SCV  
  20  1:50  Barracks  
  21  2:01  Orbital Command  
  20  2:05  Marine  
  21  2:18  Orbital Command  
  21  2:23  Marine  
  21  2:24  Barracks Tech Lab  
  21  2:29  SCV  
  23  2:37  Marine  
  23  2:41  Marine  
  24  2:45  Stimpack, Marine  
  24  2:47  SCV  
  26  2:55  Marine  
  26  2:56  Refinery  
  27  2:59  Marine  
  27  3:03  Marine  
  29  3:13  Supply Depot, Marine  
  29  3:19  SCV x2, Factory  
  32  3:23  Barracks Reactor  
  32  3:24  Marine  
  33  3:31  SCV, Marine  
  33  3:32  SCV  
  36  3:42  Marine  
  36  3:43  SCV  
  36  3:44  SCV  
  39  3:48  Marine  
  40  3:56  SCV x2  
  40  3:59  Supply Depot  
  40  4:01  Supply Depot  
  42  4:03  Starport  
  42  4:04  Factory Reactor  
  42  4:06  Marine  
  42  4:08  SCV x2  
  42  4:09  Barracks Reactor, Marine  
  46  4:20  SCV x2  
  48  4:25  Engineering Bay  
  48  4:28  Engineering Bay  
  48  4:31  Marine  
  48  4:32  SCV x2  
  51  4:44  SCV  
  51  4:45  SCV  
  53  4:47  Medivac x2  
  53  4:50  Widow Mine  
  59  4:54  Refinery  
  59  4:55  Refinery  
  59  4:57  SCV x2  
  61  5:03  Supply Depot x2  
  61  5:07  Combat Shields  
  61  5:09  SCV  
  62  5:18  Command Center  
  62  5:24  SCV  
  62  5:28  Terran Infantry Weapons Level 1  
  63  5:33  Terran Infantry Armor Level 1  
  63  5:35  Marine  
  63  5:36  Marine x4  
  63  5:39  Widow Mine  
  70  5:44  Barracks  
  70  5:46  Barracks  
  70  6:08  Widow Mine  
  65  6:11  Marine  
  65  6:12  Marine x4  
  69  6:20  Medivac x2  
  73  6:26  Armory  
  73  6:29  Marine x2  
  73  6:30  Marine x2  
  73  6:31  Orbital Command  
  77  6:40  Barracks Reactor x2, Marine  
  78  6:47  Marine x3  
  77  7:00  Factory Reactor  
  77  7:09  Orbital Command  
  77  7:12  Marine x3  
  77  7:13  Marine x2  
  82  7:16  Marine x2  
  82  7:17  Marine x2  
  82  7:20  Supply Depot  
  86  7:23  Supply Depot, Terran Infantry Weapons Level 2  
  86  7:30  Marine x4  
  86  7:31  Marine  
  91  7:38  Marine x2  
  91  7:42  Marine  
  85  7:59  Marine x3  
  85  8:00  Marine x6  
  80  8:07  SCV x3  
  80  8:12  Supply Depot  
  83  8:13  Supply Depot  
  83  8:17  Marine x5  
  83  8:18  Marine x4  
  83  8:19  SCV  
  93  8:22  Medivac x2  
  93  8:33  Widow Mine x2  
  97  8:35  Marine x6  
  103  8:42  Marine x3  
  103  8:43  Barracks  
  103  8:44  Barracks  
  103  8:45  Barracks  
  103  8:47  SCV x3  
  109  8:52  Medivac  
  109  8:53  Marine  
  109  8:54  Medivac  
  114  8:59  SCV  
  106  9:07  Marine x3  
  106  9:08  Marine x4  
  97  9:10  Marine x2  
  97  9:16  Widow Mine x2  
  103  9:22  Medivac  
  104  9:25  Marine  
  104  9:26  Marine x2  
  104  9:27  Marine x2  
  108  9:42  Marine x4  
  108  9:43  Marine x4  
  108  9:45  Widow Mine x2  
  104  9:47  Marine x4  
  104  9:48  Medivac  
  104  9:49  SCV x3  
  119  10:08  Command Center  
Tags
 
Add a new tag
Caveats
  • Supply blocks, unpowered buildings, or Contaminate may cause inaccurate times.
  • Supply counts are checked every 10 seconds.